 Dungeon Crawl Stone Soup version 0.28-a0-793-g31680bbd8b (webtiles) character file.

Game seed: 7566954804821067101

8 ytrimaz the Skirmisher (level 2, 20/24 HPs)
             Began as a Demonspawn Fighter on Nov 3, 2021.
             Quit the game on level 1 of the Dungeon.
             The game lasted 00:00:21 (282 turns).

ytrimaz the Skirmisher (Demonspawn Fighter)          Turns: 282, Time: 00:00:21

Health: 20/24      AC:  8    Str: 16    XL:     2   Next: 0%
Magic:  2/2        EV:  9    Int:  9    God:
Gold:   8          SH:  4    Dex: 12    Spells: 1/1 levels left

rFire   . . .      SeeInvis .   a - +0 rapier
rCold   . . .      Faith    .   c - +0 buckler
rNeg    . . .      Spirit   .   b - +0 scale mail
rPois   .          Reflect  .   (no helmet)
rElec   .          Harm     .   (no cloak)
rCorr   .          Rampage  .   (no gloves)
Will    .....                   (no boots)
Stlth   ..........              (no amulet)
HPRegen 0.08/turn               (no ring)
MPRegen 0.08/turn               (no ring)

@: no status effects
A: slimy green scales 1
a: no special abilities


You were on level 1 of the Dungeon.
You visited 1 branch of the dungeon, and saw 1 of its levels.

You collected 8 gold pieces.

Inventory:

Hand Weapons
 a - a +0 rapier (weapon)
Armour
 b - a +0 scale mail (worn)
 c - a +0 buckler (worn)
Scrolls
 e - a scroll of enchant armour {unknown}
 f - a scroll of identify {unknown}
Potions
 d - a potion of might


   Skills:
 + Level 3.1 Fighting
 - Level 1.7 Short Blades
 + Level 2.8 Armour
 * Level 0.4 Dodging
 + Level 2.8 Shields


You had one spell level left.
You didn't know any spells.
Your spell library was empty.

Dungeon Overview and Level Annotations

Branches:
Dungeon (1/15)

Altars:


Innate Abilities, Weirdness & Mutations

You are partially covered in slimy green scales. (AC +2)


Message History

No target in view!
You open the door. You open the door.
There is an open door here.
Key pressed, stopping explore.
You open the door.
A rat comes into view.
Found an agate ring.
There is an open door here.
A rat is nearby! 2 bats come into view.
The bat barely misses you.
You hit the bat.
You kill the bat!
The bat hits you but does no damage. The bat barely misses you.
You hit the bat.
You kill the bat!
You block the rat's attack. The rat closely misses you.
Your scale mail prevents you from hitting the rat.
The rat closely misses you.
You puncture the rat!
You kill the rat!
You have reached level 2!
Your demonic ancestry asserts itself...
Slimy green scales grow over part of your body.
Found a stone staircase leading down.
You see here a rat corpse.
A quokka comes into view.
The quokka closely misses you. The quokka bites you.
The quokka bites you but does no damage.
You see here a ring of protection from cold.
You barely miss the quokka. The quokka barely misses you.
You barely miss the quokka. The quokka bites you.
You closely miss the quokka. The quokka closely misses you.
You hit the quokka.
The quokka is heavily wounded.
You block the quokka's attack.
The quokka bites you but does no damage.
Are you sure you want to abandon this character and quit the game? (Confirm with "yes".)

....##........#.......
...####......'#†.....##
########..#......
......††.+.....
.#.......#...
+.......#.# #.........#
......#..r.#
#######..@.# #....#
#>...# ......# .###...#
# #...# #...# #...#


You could see a quokka.

Vanquished Creatures
  5 bats (D:1)
  An endoplasm (D:1)
  A ball python (D:1)
  A rat (D:1)
8 creatures vanquished.

Notes
Turn   | Place    | Note
-------+----------+-------------------------------------------
     0 | D:1      | ytrimaz the Demonspawn Fighter began the quest for the Orb.
     0 | D:1      | Reached XP level 1. HP: 18/18 MP: 1/1
   272 | D:1      | Gained mutation: You are partially covered in slimy green
                  | scales. (AC +2) [demonic ancestry]
   272 | D:1      | Reached XP level 2. HP: 24/24 MP: 2/2
   282 | D:1      | Quit the game

Illustrated notes

Levels and vault maps discovered:
D:1:      minmay_arrival_four_loops, layout_basic

Action                   || total
-------------------------++-------
Melee: Rapier            ||    24
Armor: Scale mail        ||     9
Dodge: Dodged            ||    13
Block: Buckler           ||     6

Table legend: (Time is in decaauts)
 A = Elapsed time spent in this place.
 B = Non-inter-level travel time spent in this place.
 C = Inter-level travel time spent in this place.
 D = Time resting spent in this place.
 E = Time spent auto-exploring this place.
 F = Levels seen in this place.
 G = Mean time per level.
                   A        B        C        D        E       F      G
               +--------+--------+--------+--------+--------+-----+--------+
         Total |    285 |    285 |      0 |      0 |    235 |   1 |  285.0 |
       Dungeon |    285 |    285 |      0 |      0 |    235 |   1 |  285.0 |
               +--------+--------+--------+--------+--------+-----+--------+

Top non-repeatable levels by time:
     D:1: 285 daAuts
